 Dungeon Crawl Stone Soup version 0.29-a0-577-gafbf2c5d25 (webtiles) character file.

Game seed: 999252751961335792

168 DocClef the Sneak (level 5, -4/47 HPs)
             Began as a Draconian Delver on June 13, 2022.
             Killed by nerve-wracking pain
             ... invoked by an orc priest
              (12 damage)
             ... on level 2 of the Dungeon.
             The game lasted 00:03:16 (3438 turns).

DocClef the Sneak (Draconian Delver)                Turns: 3438, Time: 00:03:16

Health: -4/47      AC:  7    Str: 15    XL:     5   Next: 23%
Magic:  5/5        EV: 12    Int: 10    God:
Gold:   143        SH:  0    Dex: 14    Spells: 4/4 levels left

rFire   . . .      SeeInvis .   a - +0 short sword
rCold   . . .      Faith    .   (no shield)
rNeg    . . .      Spirit   .   (body armour unavailable)
rPois   .          Reflect  .   (helmet restricted)
rElec   .          Harm     .   q - +1 cloak
rCorr   .          Rampage  .   (no gloves)
Will    .....                   (no boots)
Stlth   +++.......              (no amulet)
HPRegen 0.15/turn               (no ring)
MPRegen 0.09/turn               (no ring)

@: no status effects
A: AC +5, unfitting armour, cold-blooded
a: no special abilities


You were on level 2 of the Dungeon.
You visited 1 branch of the dungeon, and saw 5 of its levels.

You collected 143 gold pieces.

Inventory:

Hand Weapons
 a - a +0 short sword (weapon)
Armour
 q - a +1 cloak (worn)
Wands
 f - a wand of digging (3)
 k - a wand of charming (7)
Scrolls
 b - a scroll of fog
 c - 3 scrolls of magic mapping
 d - a scroll of fear
 g - a scroll of acquirement {unknown}
 h - 3 scrolls of teleportation {unknown}
 j - 4 scrolls of identify {unknown}
 m - a scroll of vulnerability {unknown}
 o - 3 scrolls of noise {unknown}
 r - 3 scrolls of blinking {unknown}
 s - a scroll of enchant weapon {unknown}
 t - a scroll of enchant armour {unknown}
 w - a scroll of immolation {unknown}
Potions
 e - a potion of haste
 i - a potion of flight {unknown}
 l - a potion of might {unknown}
 n - 2 potions of mutation {unknown}
 p - 2 potions of degeneration {unknown}
 u - a potion of invisibility {unknown}
 v - a potion of attraction {unknown}


   Skills:
 + Level 4.9 Fighting
 - Level 3.0 Short Blades
 - Level 2.6 Dodging
 - Level 5.1 Stealth


You had 4 spell levels left.
You didn't know any spells.
Your spell library contained the following spells:

 Spells                   Type           Power      Damage    Failure   Level
 Magic Dart               Conj           0%         1d3       36%         1
 Call Imp                 Summ           0%         N/A       50%         2
 Gell's Gravitas          Tloc           0%         N/A       75%         3
 Lesser Beckoning         Tloc           0%         N/A       75%         3
 Mephitic Cloud           Conj/Pois/Air  0%         N/A       75%         3
 Teleport Other           Tloc           0%         N/A       75%         3


Dungeon Overview and Level Annotations

Branches:
Dungeon (5/15)
 Temple: D:4-7

Altars:
Ashenzari
Sif Muna
Xom
Zin

Shops:
D:2 *

Annotations:
D:2 1 runed translucent door, Crazy Yiuf


Innate Abilities, Weirdness & Mutations

Your plain brown scales are hard. (AC +5)
You cannot fit into any form of body armour.
You are cold-blooded and may be slowed by cold attacks.


Message History

You start resting.
HP restored.
There is a stone staircase leading down here.
You climb downwards.
There is a stone staircase leading up here.
The bat hits you but does no damage. The bat closely misses you.
You closely miss the bat.
The orc shouts!
The bat hits you but does no damage.
You hit the bat.
You kill the bat!
The orc priest mumbles some strange prayers to Beogh against you.
Beogh smites you! The orc barely misses you. The orc barely misses you.
There is a stone staircase leading up here.
The orc closely misses you.
The orc priest calls down the wrath of Beogh upon you.
Beogh smites you!
The orc hits you from afar with a +0 trident.
The orc closely misses you.
The orc priest invokes the aid of Beogh against you.
Pain shoots through your body!
* * * LOW HITPOINT WARNING * * *
You climb upwards.
Level annotation: 1 runed translucent door, Crazy Yiuf
There is a stone staircase leading down here.
You hit the orc priest. You tail-slap the orc priest.
The orc priest is moderately wounded.
You hit the orc priest but do no damage.
You tail-slap the orc priest, but do no damage.
The orc priest is moderately wounded.
The orc priest hits you with a +0 short sword.
* * * LOW HITPOINT WARNING * * *
You hit the orc priest.
The orc priest is heavily wounded.
The orc priest invokes the aid of Beogh against you.
Pain shoots through your body!
You die...

#............
######.........#..
#...##....)....#..
####.#..(............
#.......#.......<....
#.###.#.#........###.
#.###.#.#............
#.##[.#.####.....###.
#.##@##.# #.....###.
#.##o##.# #.........
######### #.....####
#.....# ##### #######
#).g# #...# ...
############ #+#
#..........##


You could see an orc priest.

Vanquished Creatures
  A hound (D:5)
  An orc wizard (D:4)
  5 adders
  An ufetubus (D:4)
  A worm (D:2)
  A dart slug (D:2)
  4 orcs
  4 endoplasms
  7 giant cockroaches
  A goblin (D:1)
  4 hobgoblins (D:1)
  2 jackals (D:2)
  4 kobolds
  2 quokkas (D:1)
  5 ball pythons
  5 bats
  2 frilled lizards
  6 rats
56 creatures vanquished.

Notes
Turn   | Place    | Note
-------+----------+-------------------------------------------
     0 | D:5      | DocClef the Draconian Delver began the quest for the Orb.
     0 | D:5      | Reached XP level 1. HP: 19/19 MP: 1/1
     1 | D:5      | Found a shimmering altar of Xom.
    30 | D:5      | Noticed a hound
    51 | D:5      | Killed a hound
    52 | D:5      | Reached XP level 2. HP: 20/27 MP: 2/2
    52 | D:5      | Reached XP level 3. HP: 24/33 MP: 3/3
   130 | D:5      | Found a shimmering blue altar of Sif Muna.
   190 | D:4      | Noticed a scorpion
   523 | D:3      | Reached XP level 4. HP: 38/40 MP: 4/4
   558 | D:3      | Found a faded altar of an unknown god.
   576 | D:3      | Reached skill level 5 in Stealth
   626 | D:3      | Found a glowing silver altar of Zin.
   680 | D:3      | Found a broken altar of Ashenzari.
  1195 | D:2      | Found Cith's General Store.
  1861 | D:2      | Found a runed translucent door.
  1862 | D:2      | Noticed Crazy Yiuf
  2174 | D:1      | Reached XP level 5. HP: 46/47 MP: 5/5
  2528 | D:1      | You fall into a shaft and drop 1 floor!
  3438 | D:2      | Killed from afar by an orc priest

Illustrated notes

Levels and vault maps discovered:
D:1:      dpeg_arrival_more_subterranean_lakeside_camping, layout_loops_cross,
          chequers_serial_rivers_small_3, st_stairs_1
D:2:      layout_loops_cross, serial_shops, shop, guppyfry_early_lair_pool,
          uniq_crazy_yiuf_cottage
D:3:      layout_basic, ashenzari_conservatory_becter,
          nicolae_gozag_cash_rules_everything_around_me, zin_academy,
          hellmonk_ecumenical_altar_lost_god, minmay_misc_feat_rows
D:4:      layout_layer_cave, mainiacjoe_overflow_divided_tiny, uniq_ijyb
D:5:      layout_basic, mainiacjoe_overflow_alcove_4,
          mainiacjoe_overflow_six_doors_small, kennysheep_generic_room_10

Skill      XL: |  1  2  3  4 |
---------------+-------------+-----
Dodging        | 2 |  2.6
Fighting       | 4 |  4.9
Stealth        | 5 |  5.1
Short Blades   | 3 |  3.0

Action                   |  1- 3 |  4- 6 || total
-------------------------+-------+-------++-------
Melee: Short sword       |    54 |   177 ||   231
       Tailslap          |     7 |    30 ||    37
       Punch             |     1 |     1 ||     2
 Stab: Sleeping          |     1 |    14 ||    15
Armor: Skin              |    20 |    89 ||   109
Dodge: Dodged            |    46 |   147 ||   193

Table legend: (Time is in decaauts)
 A = Elapsed time spent in this place.
 B = Non-inter-level travel time spent in this place.
 C = Inter-level travel time spent in this place.
 D = Time resting spent in this place.
 E = Time spent auto-exploring this place.
 F = Levels seen in this place.
 G = Mean time per level.
                   A        B        C        D        E       F      G
               +--------+--------+--------+--------+--------+-----+--------+
         Total |   3440 |   3343 |     97 |    831 |   1939 |   5 |  688.0 |
       Dungeon |   3440 |   3343 |     97 |    831 |   1939 |   5 |  688.0 |
               +--------+--------+--------+--------+--------+-----+--------+

Top non-repeatable levels by time:
     D:2: 1681 daAuts
     D:1: 859 daAuts
     D:3: 391 daAuts
     D:4: 321 daAuts
     D:5: 186 daAuts
